 Dungeon Crawl Stone Soup version 0.13.0 (webtiles) character file.

11681 Duskembrace the Jinx (level 11, -17/47 HPs)
             Began as a Spriggan Enchanter on Oct 12, 2013.
             Was an Elder of Kikubaaqudgha.
             Killed from afar by Harold (36 damage)
             ... with a bolt of fire
             ... on Level 12 of the Dungeon.
             The game lasted 01:29:48 (12408 turns).

Duskembrace the Jinx (Spriggan Enchanter)          Turns: 12408, Time: 01:29:49

HP -17/47        AC  7     Str  9      XL: 11   Next: 45%
MP  23/31        EV 25     Int 22      God: Kikubaaqudgha [****..]
Gold 555         SH  0     Dex 17      Spells:  7 memorised, 10 levels left

Res.Fire  : . . .   See Invis. : +   a - +1,+3 dagger {=f}
Res.Cold  : . . .   Warding    : .   b - +1 robe
Life Prot.: . . .   Conserve   : .   (shield restricted)
Res.Poison: +       Res.Corr.  : .   C - +1 cap
Res.Elec. : .       Clarity    : +   s - +2 cloak of Fashionability {Int+3 Acc+2}
Sust.Abil.: + .     Spirit.Shd : .   (gloves unavailable)
Res.Mut.  : .       Stasis     : .   (boots unavailable)
Res.Rott. : .       Flight     : .   I - amulet of clarity
Saprovore : . . .                    G - ring "Lymed" {rPois MR Str+4 SInv}
                                     t - ring of sustain abilities

@: very quick, very resistant to hostile enchantments, extremely stealthy
A: unfitting armour, see invisible, herbivore 3, speed 3, slow metabolism 2
a: Receive Corpses, Renounce Religion


You were on level 12 of the Dungeon.
You worshipped Kikubaaqudgha.
Kikubaaqudgha was greatly pleased with you.
You were not hungry.

You visited 2 branches of the dungeon, and saw 13 of its levels.
You also visited: Labyrinth.

You collected 535 gold pieces.

Inventory:

Hand weapons
 a - a +1,+3 dagger (weapon) {=f}
 f - a +0,-1 dagger
 h - a +2,+3 short sword
 F - a +0,+2 orcish dagger of venom
 W - a +2,+3 elven short sword of speed
Missiles
 d - 11 darts (quivered)
Armour
 b - a +1 robe (worn)
 s - the +2 cloak of Fashionability (worn) {Int+3 Acc+2}
   (You found it on level 4 of the Dungeon)

   It affects your intelligence (+3).
   It affects your accuracy (+2).
 C - a +1 cap (worn)
 S - a +2 robe
Magical devices
 B - a wand of disintegration (13) {unknown}
 H - a wand of digging (18) {unknown}
 P - a wand of digging (9) {unknown}
Comestibles
 i - 3 pears
 x - 4 apples
 z - a choko
 K - a cheese
 N - 3 bread rations
Scrolls
 g - 2 scrolls of noise
 o - 3 scrolls of remove curse
 q - a scroll of fear
 v - 2 scrolls of identify
 R - 2 scrolls of curse weapon
Jewellery
 m - an uncursed ring of positive energy
 t - a ring of sustain abilities (left hand)
 u - an uncursed ring of wizardry {unknown}
 y - an uncursed ring of fire {unknown}
 G - the ring "Lymed" (right hand) {rPois MR Str+4 SInv}
   (You found it on level 5 of the Dungeon)

   [ring of protection from magic]

   It affects your strength (+4).
   It protects you from poison.
   It enhances your eyesight.
 I - an amulet of clarity (around neck)
 L - a +5,+5 ring of slaying {unknown}
Potions
 e - a potion of porridge
 j - a potion of slowing {unknown}
 k - 3 potions of heal wounds
 l - a potion of poison {unknown}
 p - 8 potions of curing
 r - a potion of might {unknown}
 w - a potion of flight {unknown}
 A - a potion of agility {unknown}
 J - 3 potions of magic {unknown}
 M - a potion of speed {unknown}
 Q - a potion of restore abilities {unknown}
 T - a potion of brilliance {unknown}
Books
 c - a book of Maledictions

   Spells                             Type                      Level
   *Corona                            Hexes                        1
   Sure Blade                         Hexes/Charms                 2
   *Ensorcelled Hibernation           Hexes/Ice                    2
   *Confuse                           Hexes                        3
   Enslavement                        Hexes                        4
   *Invisibility                      Hexes                        6
 n - a book of Maledictions

   Spells                             Type                      Level
   *Corona                            Hexes                        1
   Sure Blade                         Hexes/Charms                 2
   *Ensorcelled Hibernation           Hexes/Ice                    2
   *Confuse                           Hexes                        3
   Enslavement                        Hexes                        4
   *Invisibility                      Hexes                        6
 D - a book of War Chants

   Spells                             Type                      Level
   Fire Brand                         Charms/Fire                  2
   Freezing Aura                      Charms/Ice                   2
   *Shroud of Golubria                Charms/Translocation         2
   Repel Missiles                     Charms/Air                   2
   Poison Weapon                      Charms/Poison                3
   *Regeneration                      Charms/Necromancy            3
 E - Zighog's Almanac of Combat Magic
   (You found it in a labyrinth)

   Spells                             Type                      Level
   Throw Flame                        Conjuration/Fire             2
   Static Discharge                   Conjuration/Air              3
   Stone Arrow                        Conjuration/Earth            3
   Iskenderun's Mystic Blast          Conjuration                  4
   Force Lance                        Conjuration                  5
 O - Kikubaaqudgha's Collected Works on Necromancy
   (Kikubaaqudgha gifted it to you on level 8 of the Dungeon)

   Spells                             Type                      Level
   Animate Skeleton                   Necromancy                   1
   Lethal Infusion                    Charms/Necromancy            2
   Corpse Rot                         Necromancy                   2
   *Vampiric Draining                 Necromancy                   3
   Control Undead                     Necromancy                   4
 V - Kikubaaqudgha's Catalogue of Evil Magic
   (Kikubaaqudgha gifted it to you on level 10 of the Dungeon)

   Spells                             Type                      Level
   Excruciating Wounds                Charms/Necromancy            5
   Agony                              Necromancy                   5
   Dispel Undead                      Necromancy                   5
   Twisted Resurrection               Necromancy                   5
   Simulacrum                         Ice/Necromancy               6
Magical staves
 U - an uncursed staff of cold {unknown}
Rods
 X - a +3 rod of demonology (11/11)
   (You found it in a labyrinth)


   Skills:
 * Level 6.7 Short Blades
 - Level 1.1 Throwing
 + Level 9.1 Dodging
 - Level 10.2 Stealth
 - Level 10.1 Spellcasting
 + Level 11.2 Hexes
 * Level 3.4 Necromancy
 - Level 6.0 Ice Magic


You had 10 spell levels left.
You knew the following spells:

 Your Spells              Type           Power        Failure   Level  Hunger
a - Corona                Hex            ######.      1%          1    None
b - Ensorcelled Hibernat  Hex/Ice        #####.       1%          2    None
c - Confuse               Hex            ######..     1%          3    None
d - Invisibility          Hex            ######..     12%         6    ######.
e - Shroud of Golubria    Chrm/Tloc      ##........   10%         2    None
f - Regeneration          Chrm/Necr      ###.......   12%         3    None
g - Vampiric Draining     Necr           ####......   4%          3    None


Dungeon Overview and Level Annotations

Branches:
Dungeon (12/27)            Temple (1/1) D:7             Orc (0/4) D:10
   Lair: D:8-13

Altars:
Cheibriados
Elyvilon
Fedhas
Kikubaaqudgha
Makhleb
Nemelex Xobeh
Okawaru
Sif Muna
Trog
Vehumet
Xom
Yredelemnul
Zin
the Shining One
Beogh

Shops:
D:5 %   D:7 =   D:10 *

Annotations:
D:12 Harold


Innate Abilities, Weirdness & Mutations

You are tiny and cannot use many weapons and most armour.
You have supernaturally acute eyesight.
You are a herbivore.
You cover ground extremely quickly.
You need consume almost no food.


Message History

Press: ? - help, Shift-Dir - straight line, f/p - Harold
Aim: Harold, wielding a battleaxe of flaming and wearing a ring mail Harold looks drowsy...
The helpless Harold fails to defend himself.
You spit Harold like a pig!!!
Harold is almost dead.
Harold hits you with a battleaxe of flaming!
Harold burns you.
There is an open door, spattered with blood here.
Casting: Ensorcelled Hibernation
Confirm with . or Enter, or press ? or * to list all spells.
Aiming: Confuse
Press: ? - help, Shift-Dir - straight line, f/p - Harold
Aim: Harold, wielding a battleaxe of flaming and wearing a ring mail (almost dead) Harold resists with some effort.
Harold gestures at you while chanting. The bolt of fire hits you!
Ouch! That really hurt!
You die...
Kikubaaqudgha rasps: "You have failed me!
Welcome... death!"

+.....# #.....#
####'## ###.# #...#
#@### #. #.# #####.#
#######.##### #(. ...
..#...@....#
#.#####.###.#........#
#.#... ...#.#........#
..#.#####.#..........#
#.......>...#......%.#
##.##########.......>#
#.<# ###.###### ##.##
#.# #..# #.#


You could see Harold.

Vanquished Creatures
  A minotaur (Lab)
  5 slime creatures (D:12)
  Psyche (D:10)
  A deep elf priest (D:10)
  A two-headed ogre (D:9)
  A shadow (D:12)
  9 yaks
  A wraith (D:10)
  A wyvern (D:11)
  2 vampire mosquitoes (D:12)
  A hungry ghost (Lab)
  2 hippogriffs
  A shark (D:9)
  2 manticores
  Edmund (D:8)
  A mottled dragon (D:11)
  4 orc warriors
  2 ice beasts
  A black bear (D:7)
  5 giant goldfish (D:9)
  2 phantoms
  A yellow wasp (D:7)
  A sky beast (D:6)
  6 ogres
  5 centaurs
  A crocodile (D:10)
  Sigmund (D:4)
  8 giant frogs
  A manticore zombie (D:9)
  2 troll zombies
  2 electric eels (D:9)
  13 killer bees
  A centaur zombie (D:5)
  2 goliath beetles
  5 crimson imps
  A giant frog zombie (D:9)
  7 hounds
  2 jellies
  A centaur skeleton (D:7)
  A gnoll shaman (D:6)
  4 iguanas
  8 orc priests
  3 scorpions
  4 orc wizards
  8 worker ants
  A mottled dragon zombie (D:8)
  A giant centipede (D:10)
  3 gnolls (D:6)
  16 adders
  3 giant mites
  5 worms
  A giant eyeball (D:6)
  3 giant geckos
  An ooze (D:3)
  45 orcs
  A ball python (D:5)
  A bat skeleton (D:5)
  A bat zombie (D:8)
  3 giant cockroaches
  9 goblins
  16 hobgoblins
  4 jackals (D:7)
  4 quokkas
  17 bats
  A giant cockroach zombie (D:6)
  2 giant newts (D:2)
  A giant spore (D:12)
  A goblin skeleton (D:4)
  A hobgoblin skeleton (D:7)
  A hobgoblin zombie (D:4)
  12 kobolds
  An orc skeleton (D:9)
  15 rats
  A rat skeleton (D:6)
  4 ballistomycetes (D:12)
308 creatures vanquished.

Vanquished Creatures (others)
  An orc wizard (D:5)
1 creature vanquished.

Grand Total: 309 creatures vanquished

Notes
Turn   | Place    | Note
--------------------------------------------------------------
     0 | D:1      | Duskembrace, the Spriggan Enchanter, began the quest for the Orb.
     0 | D:1      | Reached XP level 1. HP: 9/9 MP: 4/4
   451 | D:1      | Reached skill level 4 in Hexes
   573 | D:1      | Reached XP level 2. HP: 8/13 MP: 4/6
   578 | D:1      | Learned a level 2 spell: Ensorcelled Hibernation
  1437 | D:2      | Reached XP level 3. HP: 16/16 MP: 3/9
  1442 | D:2      | Learned a level 3 spell: Confuse
  2506 | D:3      | Found a bloodstained altar of Trog.
  2822 | D:3      | Reached XP level 4. HP: 21/21 MP: 9/12
  3118 | D:3      | Reached skill level 5 in Stealth
  3426 | D:4      | Reached skill level 5 in Hexes
  3579 | D:4      | Reached XP level 5. HP: 21/24 MP: 13/15
  3629 | D:4      | Reached skill level 6 in Stealth
  3676 | D:4      | Noticed a phantom
  3927 | D:4      | Noticed Sigmund
  3943 | D:4      | Killed Sigmund
  3943 | D:4      | Reached XP level 6. HP: 8/28 MP: 0/18
  4165 | D:4      | Noticed a centaur
  4187 | D:4      | Killed a centaur
  4491 | D:4      | Got a dazzling cloak
  4494 | D:4      | Identified the +2 cloak of Fashionability {Int+3 Acc+2} (You found it on level 4 of the Dungeon)
  4577 | D:4      | Reached skill level 7 in Stealth
  4805 | D:4      | Reached XP level 7. HP: 32/32 MP: 15/21
  4874 | D:4      | Killed a phantom
  4987 | D:4      | Noticed an ogre
  5012 | D:4      | Killed an ogre
  5012 | D:4      | Reached skill level 5 in Spellcasting
  5187 | D:4      | Noticed an ogre
  5197 | D:4      | Killed an ogre
  5288 | D:5      | Entered Level 5 of the Dungeon
  5302 | D:5      | Reached skill level 8 in Stealth
  5476 | D:5      | Reached XP level 8. HP: 36/36 MP: 21/24
  5552 | D:5      | Reached skill level 5 in Dodging
  5558 | D:5      | Reached skill level 9 in Stealth
  5688 | D:5      | Found Sanef's Food Shop.
  5724 | D:5      | Got a warped golden ring
  5725 | D:5      | Identified the ring "Lymed" {rPois MR Str+4 SInv} (You found it on level 5 of the Dungeon)
  6932 | D:6      | Reached skill level 1 in Ice Magic
  7031 | D:7      | Found Kaymehi's Jewellery Boutique.
  7093 | D:7      | Learned a level 6 spell: Invisibility
  7125 | D:7      | Found a staircase to the Ecumenical Temple.
  7149 | Temple   | Entered the Ecumenical Temple
  7189 | Temple   | Became a worshipper of Kikubaaqudgha
  7213 | D:7      | Learned a level 2 spell: Shroud of Golubria
  7405 | D:7      | Reached XP level 9. HP: 39/39 MP: 25/27
  8273 | D:8      | Noticed Edmund
  8300 | D:8      | Killed Edmund
  8467 | D:8      | Acquired Kikubaaqudgha's first power
  8467 | D:8      | Received a gift from Kikubaaqudgha
  8471 | D:8      | Identified Kikubaaqudgha's Collected Works on Necromancy (Kikubaaqudgha gifted it to you on level 8 of the Dungeon)
  8476 | D:8      | Learned a level 3 spell: Regeneration
  9191 | D:9      | Found a roughly hewn altar of Beogh.
  9199 | D:9      | Reached skill level 10 in Stealth
  9397 | D:9      | Acquired Kikubaaqudgha's second power
  9580 | D:9      | Found a radiant altar of Vehumet.
  9602 | D:9      | Reached XP level 10. HP: 44/44 MP: 23/29
 10047 | D:10     | Entered Level 10 of the Dungeon
 10047 | D:10     | Noticed Psyche
 10053 | D:10     | Killed Psyche
 10053 | D:10     | Reached skill level 10 in Hexes
 10123 | D:10     | Found a staircase to the Orcish Mines.
 10161 | D:10     | Reached skill level 10 in Spellcasting
 10172 | D:10     | Found a glowing silver altar of Zin.
 10292 | D:10     | Found Keubiab's General Store.
 10335 | D:10     | Received a gift from Kikubaaqudgha
 10338 | D:10     | Identified Kikubaaqudgha's Catalogue of Evil Magic (Kikubaaqudgha gifted it to you on level 10 of the Dungeon)
 10418 | D:10     | Reached skill level 5 in Short Blades
 10530 | D:11     | Reached skill level 5 in Ice Magic
 10604 | D:11     | Reached skill level 11 in Hexes
 11153 | D:11     | Reached XP level 11. HP: 37/47 MP: 25/31
 11621 | D:12     | Reached skill level 1 in Necromancy
 11794 | D:12     | Found a labyrinth entrance.
 11800 | D:12     | Acquired Kikubaaqudgha's third power
 11809 | Lab      | Entered a labyrinth
 12087 | Lab      | Noticed a minotaur
 12096 | Lab      | Killed a minotaur
 12098 | Lab      | Identified Zighog's Almanac of Combat Magic
 12385 | D:12     | Learned a level 3 spell: Vampiric Draining
 12393 | D:12     | Noticed Harold
 12408 | D:12     | Killed from afar by Harold

Action                   |  1- 3 |  4- 6 |  7- 9 | 10-12 || total
-------------------------+-------+-------+-------+-------++-------
Melee: Dagger            |    76 |    95 |   275 |   211 ||   657
Throw: Dart              |     6 |       |       |     1 ||     7
 Cast: Corona            |     8 |     3 |     2 |       ||    13
       Ensorcelled Hiber |    29 |    38 |   112 |    84 ||   263
       Confuse           |       |    15 |    38 |    39 ||    92
       Invisibility      |       |       |     1 |       ||     1
Evoke: Wand              |       |       |       |     1 ||     1
  Use: Scroll            |       |       |     6 |    14 ||    20
       Potion            |       |       |       |     2 ||     2
 Stab: Sleeping          |    28 |    28 |   108 |    76 ||   240
       Confused          |       |     4 |    15 |    14 ||    33
       Distracted        |       |       |     1 |     1 ||     2
       Invisible         |       |       |       |     1 ||     1
